 Dungeon Crawl Stone Soup version 0.18.1-50-g88ac8fd (webtiles) character file.

167363 mopl the Unseen (level 17, -7/90 HPs)
             Began as a Vine Stalker Warper on Apr 19, 2019.
             Was the Champion of Pakellas.
             Mangled by a merfolk impaler
             ... wielding a +2 trident of freezing
              (9 damage)
             ... on level 4 of the Shoals on May 7, 2019.
             The game lasted 02:26:17 (35022 turns).

mopl the Unseen (Vine Stalker Warper)              Turns: 35022, Time: 02:26:17

Health: -7/90      AC: 12    Str: 16    XL:     17   Next: 92%
Magic:  0/29       EV: 19    Int: 13    God:    Pakellas [******]
Gold:   1654       SH: 12    Dex: 19    Spells: 5 memorised, 10 levels left

rFire  + + .     SeeInvis .     b - +9 lightning rod (10/17)
rCold  . . .     Gourm    .     T - +0 leather armour {rF+}
rNeg   + . .     Faith    .     W - +2 buckler
rPois  +         Spirit   +     D - +2 hat of the Bear Spirit {Spirit, +Rage rN+ MR++}
rElec  .         Dismiss  .     Q - +2 cloak {rPois}
rCorr  .         Reflect  +     s - +1 pair of gloves {rF+}
SustAt .         Harm     .     g - +0 pair of boots {Stlth+}
MR     +++++                    A - +4 amulet of reflection
Stlth  +++++++++.               o - ring of protection from magic
                                k - ring of stealth

@: lethally poisoned (-7 -> -7), almost entirely resistant to hostile
enchantments, incredibly stealthy
A: fangs 3, molten scales 1, regeneration 3, magic shield, antimagic bite, no
device heal 3, rot immunity
a: Quick Charge, Device Surge, Supercharge, Renounce Religion, Evoke Berserk
Rage


You were on level 4 of the Shoals.
You worshipped Pakellas.
Pakellas was exalted by your worship.
You were not hungry.

You visited 5 branches of the dungeon, and saw 30 of its levels.
You visited 1 bazaar.
You also visited: Volcano.

You collected 3459 gold pieces.
You spent 1805 gold pieces at shops.

Inventory:

Hand Weapons
 a - the +8 rapier of Edompiomo {freeze, rElec rC+ Int+4}
   (You took it off a spriggan rider on level 8 of the Lair of Beasts)

   It has been specially enchanted to freeze those struck by it, causing extra
   injury to most foes and up to half again as much damage against particularly
   susceptible opponents.
   It can also slow down cold-blooded creatures.
   It affects your intelligence (+4).
   It protects you from cold.
   It insulates you from electricity.
Missiles
 e - 5 tomahawks of dispersal
 p - 67 tomahawks (quivered)
 r - 8 javelins
 v - 10 throwing nets
 R - 10 steel javelins
Armour
 g - a +0 pair of boots of stealth (worn)
 s - a +1 pair of gloves of fire resistance (worn)
 D - the +2 hat of the Bear Spirit (worn) {Spirit, +Rage rN+ MR++}
   (You bought it in a shop on level 2 of the Orcish Mines)

   It protects you from negative energy.
   It affects your resistance to hostile enchantments.
   It lets you go berserk.
 Q - a +2 cloak of poison resistance (worn)
 T - a +0 leather armour of fire resistance (worn)
 W - a +2 buckler (worn)
Rods
 b - a +9 lightning rod (10/17) (in hand)
   (Pakellas gifted it to you on level 2 of the Lair of Beasts)
Jewellery
 k - a ring of stealth (left hand)
 o - a ring of protection from magic (right hand)
 y - an uncursed ring of resist corrosion
 A - a +4 amulet of reflection (around neck)
Wands
 c - a wand of teleportation (6/9)
 h - a wand of disintegration (18/24)
 n - a wand of paralysis (20/24)
 w - a wand of lightning (15/15)
 x - a wand of digging (16/24)
 E - a wand of acid (12/15)
 G - a wand of iceblast (9/15)
Scrolls
 d - 5 scrolls of blinking
 j - 2 scrolls of silence {!r}
 m - 8 scrolls of teleportation
 C - 3 scrolls of magic mapping
 F - 15 scrolls of remove curse
 H - 2 scrolls of identify
 K - 3 scrolls of fear
 N - 3 scrolls of fog
 X - 2 scrolls of vulnerability
Potions
 i - 6 potions of might
 l - 10 potions of haste
 q - a potion of ambrosia
 z - 10 potions of curing
 B - 3 potions of agility
 I - 7 potions of resistance
 M - a potion of invisibility
 O - 23 potions of magic
 P - 6 potions of lignification {!q}
 S - a potion of flight
 V - 2 potions of cancellation
Miscellaneous
 t - a phial of floods
 J - a sack of spiders
 L - a lamp of fire (inert)
 U - a disc of storms
 Y - a sack of spiders
 Z - a box of beasts {used: 4}
Comestibles
 f - 15 bread rations
 u - a meat ration


   Skills:
 + Level 10.3 Fighting
 - Level 14.0 Short Blades
 + Level 5.1 Throwing
 - Level 0.7 Armour
 + Level 9.7 Dodging
 + Level 17.3 Stealth
 - Level 4.0 Shields
 - Level 2.1 Spellcasting
 + Level 6.7 Translocations
 * Level 14.7 Evocations


You had 10 spell levels left.
You knew the following spells:

 Your Spells              Type           Power        Failure   Level  Hunger
a - Apportation           Tloc           ###.......   1%          1    ##.....
c - Corpse Rot            Necr           N/A          47%         2    ###....
e - Blink                 Tloc           N/A          3%          2    ###....
f - Portal Projectile     Tloc           ###...       8%          3    ####...
i - Repel Missiles        Chrm/Air       #.....       47%         2    ###....


Dungeon Overview and Level Annotations

Branches:
Dungeon (15/15)            Temple (1/1) D:5            Lair (8/8) D:8
 Shoals (4/4) Lair:5        Snake (0/4) Lair:4        Slime (0/6) Lair:8
    Orc (2/2) D:10            Elf (0/3) Orc:2        Vaults (0/5) D:13
 Depths (0/5) D:15

Altars:
Ashenzari
Cheibriados
Dithmenos
Elyvilon
Kikubaaqudgha
Makhleb
Nemelex Xobeh
Okawaru
Pakellas
Qazlal
Ru
Sif Muna
Trog
Xom
Yredelemnul
Zin
The Shining One

Shops:
D:8 %   D:9 %   Orc:2 %(:[*[*?

Portals:
Trove: D:11 (give +5 ice dragon armour)


Innate Abilities, Weirdness & Mutations

You have razor-sharp teeth.
You regenerate.
When hurt, damage is shared between your health and your magic reserves.
Your bite disrupts and absorbs the magic of your enemies.
Potions and wands cannot restore your health.
You are immune to rotting.
You are partially covered in molten scales (AC +1).


Message History

The lightning hits your fire elemental.
Your fire elemental resists.
Your fire elemental is lightly damaged.
You feel sick.
You hear a screech! x2
The merfolk impaler hits you from afar with a trident of freezing!
The merfolk impaler freezes you.
* * * LOW HITPOINT WARNING * * *
The merfolk impaler hits you from afar with a trident of freezing!
* * * LOW HITPOINT WARNING * * *
The merfolk impaler freezes you!
* * * LOW HITPOINT WARNING * * *
The merfolk aquamancer hits you with a rapier of protection.
* * * LOW HITPOINT WARNING * * *
You block the merfolk impaler's attack.
The merfolk aquamancer hits you with a rapier of venom.
* * * LOW HITPOINT WARNING * * *
The merfolk impaler hits you from afar with a trident of freezing!
You die...
Pakellas says: Good help is so hard to find these days!

≈≈≈≈≈≈≈≈≈≈≈≈≈≈≈≈≈≈≈≈≈≈
≈≈≈≈≈≈≈≈≈≈≈≈≈≈≈≈≈≈≈≈≈≈
≈≈≈≈≈≈≈≈≈≈≈≈≈≈≈≈≈≈≈≈≈≈
≈≈≈≈≈≈≈≈≈≈≈≈≈≈≈≈≈≈≈≈≈
≈≈≈≈≈≈≈.....≈≈≈≈≈≈≈≈≈
≈≈≈≈≈≈.......≈≈≈≈#####
≈≈≈≈≈≈.......≈≈≈##m≈≈##
.≈≈≈≈≈...#####≈≈#mmE§.# .P
..≈≈≈≈..##...##≈@mmH.§#≈≈...
≈≈≈≈≈≈≈.#.†.≈≈#≈#§m§§.#≈..PPP.PP.
.≈P≈≈≈≈≈'≈†[≈≈#≈##m..##..PPPP.P..
..≈≈≈≈≈≈#≈≈≈..#..#####..≈........
..P≈≈≈≈≈##≈..##............P.....
.≈P≈≈≈≈≈≈#####.........P....P....
.≈≈≈P≈PP≈≈................P...P..
.≈≈≈≈≈..P.....######..P.P........
≈≈≈≈P..≈..≈≈..# ##.P.PPP...#####


You could see 3 merfolk impalers, a merfolk javelineer, a griffon, 2 merfolk
aquamancers, a merfolk and a fire elemental.

Vanquished Creatures
  Saint Roka (Orc:1)
  Rupert (Lair:8)
  Maud (Lair:7)
  A frost giant (Shoals:3)
  A fire giant (D:15)
  An orc warlord (D:15)
  The ghost of magog001 the Spry, a journeyman MiBe of Trog (Shoals:3)
  3 stone giants
  Azrael (D:13)
  2 merfolk javelineers
  7 merfolk impalers
  A vault guard (D:13)
  A rakshasa (D:15)
  An ice dragon (Lair:8)
  8 hydras
  2 merfolk avatars
  Erolcha (D:13)
  2 alligator snapping turtles
  The ghost of PeterLawrence the Basher, a novice MiFi of Okawaru (D:10)
  4 satyrs
  16 death yaks
  A tengu warrior (D:15)
  5 orc high priests (Orc:2)
  4 skeletal warriors
  2 unseen horrors
  9 sea snakes
  5 orc knights (Orc:2)
  7 harpies
  A lindwurm (Lair:8)
  4 ugly things
  A deep elf mage (D:15)
  11 cyclopes
  2 orc sorcerers
  6 hill giants
  11 griffons
  8 manticores
  A manticore (shapeshifter) (D:15)
  9 fauns
  2 sirens
  22 elephants
  Maurice (Orc:1)
  15 black mambas
  7 water nymphs
  3 gargoyles
  An ice statue (Lair:8)
  9 spiny frogs
  A torpor snail (Lair:7)
  12 komodo dragons
  A kobold demonologist (D:13)
  3 rime drakes
  A spriggan druid (Lair:8)
  A tengu conjurer (D:15)
  21 merfolk
  4 wind drakes
  9 trolls
  9 polar bears
  12 blink frogs
  4 two-headed ogres
  10 slime creatures
  Grinder (D:3)
  Prince Ribbit (D:5)
  5 snapping turtles
  The ghost of magog001 the Shield-Bearer, an amateur GrFi (D:3)
  A centaur simulacrum (D:15)
  5 redbacks
  3 water elementals
  11 spriggans
  31 yaks
  Sigmund (D:4)
  4 fire bats (Volcano)
  6 wyverns
  3 wraiths
  3 fire elementals (D:13)
  14 hippogriffs
  2 steam dragons
  8 vampire mosquitoes
  2 basilisks
  2 hungry ghosts
  A mottled dragon (D:12)
  2 wargs
  5 hell hounds
  A soldier ant (shapeshifter) (D:15)
  7 porcupines
  22 water moccasins
  2 swamp drakes (Lair:5)
  54 orc warriors
  3 phantoms
  2 necrophages
  10 ice beasts
  5 sky beasts
  8 black bears
  3 wasps
  38 wolves
  12 ogres
  12 centaurs
  18 crocodiles
  2 big kobolds
  24 giant frogs
  4 scorpions
  A water moccasin skeleton (D:4)
  4 killer bees (D:11)
  23 wights
  2 spriggan skeletons (D:10)
  11 howler monkeys
  A troll skeleton (D:10)
  3 lava snakes (Volcano)
  9 crimson imps
  6 centaur zombies
  7 giant frog zombies
  4 hounds
  7 jellies
  A giant frog skeleton (D:5)
  Crazy Yiuf (D:5)
  43 orc priests
  7 centaur skeletons
  Ijyb (D:3)
  Jessica (D:3)
  14 iguanas
  27 orc wizards
  13 worker ants
  6 hell rats (Lair:7)
  A killer bee zombie (D:9)
  14 sheep
  A hound zombie (D:10)
  A howler monkey zombie (D:8)
  4 worker ant zombies
  8 gnolls
  11 adders
  81 river rats
  5 shadow imps
  3 white imps (Lair:8)
  An ooze (D:6)
  3 adder zombies
  A worm (D:4)
  3 dart slugs
  6 giant geckos
  127 orcs
  10 bats
  3 giant cockroaches (D:3)
  9 goblins
  7 hobgoblins
  14 jackals
  18 kobolds
  5 quokkas
  2 ball pythons
  2 giant gecko skeletons (D:4)
  7 giant newts
  A jackal skeleton (D:8)
  10 rats
  A fungus (Lair:7)
  2 plants
1184 creatures vanquished.

Vanquished Creatures (collateral kills)
  2 death yaks
  An elephant (Lair:8)
  A wolf (Lair:8)
4 creatures vanquished.

Vanquished Creatures (others)
  2 satyrs (Shoals:4)
  An unseen horror (D:11)
  40 fungi
  35 plants
78 creatures vanquished.

Grand Total: 1266 creatures vanquished

Notes
Turn   | Place    | Note
--------------------------------------------------------------
     0 | D:1      | mopl the Vine Stalker Warper began the quest for the Orb.
     0 | D:1      | Reached XP level 1. HP: 11/11 MP: 4/4
    31 | D:1      | Reached skill level 2 in Short Blades
   121 | D:1      | Reached XP level 2. HP: 13/15 MP: 6/6
   131 | D:1      | Learned a level 2 spell: Blink
   248 | D:1      | Reached skill level 3 in Short Blades
   255 | D:1      | Reached XP level 3. HP: 18/18 MP: 7/7
   857 | D:2      | Reached skill level 1 in Stealth
   925 | D:2      | Reached XP level 4. HP: 12/23 MP: 4/8
  1074 | D:2      | Reached skill level 4 in Short Blades
  1074 | D:2      | Reached skill level 2 in Stealth
  1116 | D:2      | Found a glowing silver altar of Zin.
  1315 | D:3      | Reached XP level 5. HP: 26/26 MP: 9/9
  1499 | D:3      | Noticed Grinder
  1511 | D:3      | Noticed magog001's ghost (amateur GrFi)
  1614 | D:3      | Noticed Jessica
  1643 | D:3      | Killed Jessica
  1643 | D:3      | Reached skill level 3 in Stealth
  1753 | D:3      | Gained mutation: You heal very quickly. [Vine Stalker growth]
  1753 | D:3      | Reached XP level 6. HP: 28/30 MP: 10/10
  1846 | D:4      | Reached skill level 5 in Short Blades
  1869 | D:4      | Found a basalt altar of Yredelemnul.
  1965 | D:4      | Reached skill level 4 in Stealth
  2297 | D:4      | Noticed Sigmund
  2710 | D:4      | Reached XP level 7. HP: 18/34 MP: 9/11
  2855 | D:4      | Reached skill level 6 in Short Blades
  2855 | D:4      | Reached skill level 5 in Stealth
  3163 | D:5      | Entered Level 5 of the Dungeon
  3391 | D:5      | Noticed Crazy Yiuf
  3393 | D:5      | Killed Crazy Yiuf
  3507 | D:5      | Noticed Prince Ribbit
  3512 | D:5      | Killed Prince Ribbit
  3512 | D:5      | Reached skill level 1 in Evocations
  3512 | D:5      | Gained mutation: You have razor-sharp teeth. [Vine Stalker growth]
  3512 | D:5      | Reached XP level 8. HP: 38/38 MP: 12/12
  3594 | D:5      | Reached skill level 7 in Short Blades
  3594 | D:5      | Reached skill level 6 in Stealth
  3617 | D:5      | Reached skill level 2 in Evocations
  3901 | D:5      | Found a staircase to the Ecumenical Temple.
  3910 | Temple   | Entered the Ecumenical Temple
  3976 | Temple   | Became a worshipper of Pakellas the Inventive
  4286 | D:6      | Found a shattered altar of Ashenzari.
  4344 | D:6      | Noticed a wyvern
  4368 | D:6      | Killed a wyvern
  4444 | D:6      | Reached skill level 3 in Evocations
  4535 | D:6      | Reached skill level 7 in Stealth
  4583 | D:6      | Reached skill level 8 in Short Blades
  4637 | D:6      | Reached XP level 9. HP: 42/42 MP: 13/13
  4641 | D:6      | Reached * piety under Pakellas
  4641 | D:6      | Received a gift from Pakellas
  4805 | D:6      | Found a white marble altar of Elyvilon.
  4805 | D:6      | Found a snail-covered altar of Cheibriados.
  5002 | D:4      | Killed Sigmund
  5282 | D:3      | Noticed Ijyb
  5287 | D:3      | Killed Ijyb
  5287 | D:3      | Reached skill level 4 in Evocations
  5485 | D:3      | Killed magog001's ghost
  5485 | D:3      | Paralysed by Grinder for 3 turns
  5497 | D:3      | Killed Grinder
  5497 | D:3      | Reached skill level 8 in Stealth
  5579 | D:7      | Found a sacrificial altar of Ru.
  5649 | D:6      | Reached skill level 9 in Short Blades
  5703 | D:6      | Reached ** piety under Pakellas
  5703 | D:6      | Received a gift from Pakellas
  5828 | D:7      | Learned a level 3 spell: Portal Projectile
  6228 | D:7      | Gained mutation: You are partially covered in molten scales (AC +1). [potion of beneficial mutation]
  6373 | D:7      | Found a sparkling altar of Nemelex Xobeh.
  6432 | D:7      | Reached skill level 5 in Evocations
  6443 | D:7      | Reached skill level 9 in Stealth
  6481 | D:7      | Reached XP level 10. HP: 25/46 MP: 14/14
  6660 | D:8      | Found Mackus's Food Shop.
  6680 | D:7      | Reached skill level 10 in Short Blades
  6996 | D:8      | Found a bloodstained altar of Trog.
  7008 | D:8      | Reached *** piety under Pakellas
  7008 | D:8      | Received a gift from Pakellas
  7028 | D:8      | Found a glowing golden altar of the Shining One.
  7182 | D:8      | Found a staircase to the Lair.
  7240 | D:8      | Reached skill level 10 in Stealth
  7369 | D:8      | Reached skill level 6 in Evocations
  7572 | Lair:1   | Entered Level 1 of the Lair of Beasts
  7879 | Lair:1   | Noticed a black mamba
  7885 | Lair:1   | Killed a black mamba
  7957 | Lair:1   | Reached skill level 11 in Short Blades
  8013 | Lair:1   | Noticed a seven-headed hydra
  8232 | Lair:1   | Reached XP level 11. HP: 46/50 MP: 11/16
  8919 | D:9      | Reached skill level 11 in Stealth
  8949 | D:9      | Found Dysiwn's Food Boutique.
  9274 | D:9      | Reached skill level 2 in Fighting
  9341 | D:9      | Reached **** piety under Pakellas
  9341 | D:9      | Received a gift from Pakellas
  9616 | D:9      | Reached skill level 2 in Dodging
  9678 | D:9      | Found an oddly glowing altar of Pakellas.
  9851 | D:9      | Got a shimmering robe
  9862 | D:9      | Identified the +1 robe of Dishonesty {Int+3} (You found it on level 9 of the Dungeon)
  9949 | D:10     | Entered Level 10 of the Dungeon
 10198 | D:10     | Noticed a hill giant
 10240 | D:10     | Killed a hill giant
 10240 | D:10     | Reached skill level 7 in Evocations
 10328 | D:10     | Found a staircase to the Orcish Mines.
 10570 | D:10     | Noticed a cyclops
 10574 | D:10     | Noticed PeterLawrence's ghost (novice MiFi)
 10643 | D:10     | Killed PeterLawrence's ghost
 10643 | D:10     | Reached skill level 3 in Fighting
 10643 | D:10     | Reached skill level 12 in Short Blades
 10653 | D:10     | Found a basalt altar of Yredelemnul.
 10936 | D:10     | Noticed a hill giant
 10950 | D:10     | Killed a hill giant
 10950 | D:10     | Reached skill level 12 in Stealth
 11020 | D:10     | Killed a cyclops
 11020 | D:10     | Reached skill level 3 in Dodging
 11020 | D:10     | Gained mutation: You regenerate. [Vine Stalker growth]
 11020 | D:10     | Reached XP level 12. HP: 37/57 MP: 7/18
 11675 | Lair:2   | Reached skill level 4 in Fighting
 11911 | Lair:2   | Noticed a seven-headed hydra
 12007 | Lair:2   | Killed a seven-headed hydra
 12114 | Lair:2   | Reached skill level 8 in Evocations
 12330 | Lair:2   | Reached ***** piety under Pakellas
 12330 | Lair:2   | Received a gift from Pakellas
 12752 | Lair:3   | Reached skill level 4 in Dodging
 12858 | Lair:3   | Got a pitted long sword
 12863 | Lair:3   | Identified the +1 long sword "Ceniut" {flame, rN+ Str+4} (You found it on level 3 of the Lair of Beasts)
 12888 | Lair:3   | Noticed a seven-headed hydra
 12895 | Lair:3   | Killed a seven-headed hydra
 13404 | Lair:4   | Found a staircase to the Snake Pit.
 13409 | Lair:4   | Reached skill level 13 in Short Blades
 13409 | Lair:4   | Reached skill level 5 in Fighting
 13438 | Lair:4   | Reached XP level 13. HP: 44/63 MP: 9/20
 13445 | Lair:4   | Reached skill level 13 in Stealth
 13938 | Lair:4   | Reached skill level 5 in Dodging
 14639 | Lair:5   | Reached skill level 9 in Evocations
 14831 | Lair:5   | Found a staircase to the Shoals.
 15844 | Lair:6   | Reached skill level 6 in Fighting
 16706 | Lair:1   | Reached skill level 10 in Evocations
 16938 | Lair:7   | Identified 2 scrolls of acquirement
 17003 | Lair:7   | Reached skill level 6 in Dodging
 17124 | Lair:7   | Reached skill level 14 in Stealth
 17124 | Lair:7   | Reached XP level 14. HP: 70/70 MP: 11/22
 17473 | Lair:7   | Found a dark tunnel.
 17479 | Volcano  | Entered a volcano
 17718 | Volcano  | Found a radiant altar of Vehumet.
 17765 | Volcano  | Found a radiant altar of Vehumet.
 17901 | Lair:7   | Noticed Maud
 17926 | Lair:7   | Killed Maud
 18175 | Lair:7   | Reached skill level 11 in Evocations
 18242 | Lair:7   | Reached skill level 7 in Fighting
 18536 | Lair:8   | Entered Level 8 of the Lair of Beasts
 18578 | Lair:7   | Reached ****** piety under Pakellas
 20020 | Lair:8   | Noticed Rupert
 20047 | Lair:8   | Killed Rupert
 20047 | Lair:8   | Reached skill level 7 in Dodging
 20195 | Lair:8   | Reached skill level 14 in Short Blades
 20195 | Lair:8   | Reached skill level 15 in Stealth
 20235 | Lair:8   | Reached XP level 15. HP: 69/76 MP: 19/24
 20413 | Lair:8   | Found a staircase to the Slime Pits.
 20579 | Lair:8   | Reached skill level 12 in Evocations
 20818 | Lair:8   | Reached skill level 1 in Shields
 20894 | Lair:8   | Got an uncursed transparent rapier {freeze}
 20895 | Lair:8   | Identified the +8 rapier of Edompiomo {freeze, rElec rC+ Int+4} (You took it off a spriggan rider on level 8 of the Lair of Beasts)
 20969 | Lair:8   | Reached skill level 8 in Fighting
 21722 | Lair:8   | Reached skill level 2 in Shields
 21810 | Lair:8   | Got a faintly glowing triple sword
 21811 | Lair:8   | Identified the cursed +3 triple sword of Forced Transition {slice, Str+4} (You found it on level 8 of the Lair of Beasts)
 22304 | Orc:1    | Entered Level 1 of the Orcish Mines
 22493 | Orc:1    | Noticed Maurice
 22500 | Orc:1    | Killed Maurice
 22735 | Orc:2    | Entered Level 2 of the Orcish Mines
 22737 | Orc:2    | Found Opuirr's Food Shoppe.
 22738 | Orc:2    | Found a staircase to the Elven Halls.
 22771 | Orc:2    | Found Hoigoinom's Armour Boutique.
 22776 | Orc:2    | Noticed Saint Roka
 22945 | Orc:2    | Found a flickering gateway to a bazaar.
 22950 | Bazaar   | Entered a bazaar
 22963 | Bazaar   | Found Osuok's Antique Weapon Emporium.
 22974 | Bazaar   | Found Tyukom's Antique Weapon Shoppe.
 22990 | Bazaar   | Found Den Poff's Antique Armour Emporium.
 22995 | Bazaar   | Bought a glowing hat for 72 gold pieces
 23006 | Bazaar   | Found Sietunuf's Antique Armour Shoppe.
 23076 | Orc:2    | Found Akhluutu's General Store.
 23104 | Orc:2    | Bought a potion of curing for 33 gold pieces
 23104 | Orc:2    | Bought a scroll of teleportation for 33 gold pieces
 23712 | Orc:2    | Found Jeymueni's Magic Scroll Shop.
 23923 | Orc:2    | Bought a scroll of noise for 17 gold pieces
 23923 | Orc:2    | Bought a scroll of identify for 34 gold pieces
 23923 | Orc:2    | Bought a scroll of identify for 34 gold pieces
 23923 | Orc:2    | Bought a scroll of identify for 34 gold pieces
 23923 | Orc:2    | Bought a scroll of identify for 34 gold pieces
 23923 | Orc:2    | Bought a scroll of blinking for 127 gold pieces
 24028 | Orc:2    | Reached skill level 3 in Shields
 24078 | Orc:2    | Reached skill level 8 in Dodging
 24800 | Orc:2    | Found Idycasm's Antique Armour Boutique.
 24803 | Orc:2    | Found Medotz's Weapon Boutique.
 24804 | Orc:2    | Found Huisood's General Store.
 24805 | Orc:2    | Found Qijaung's Book Shop.
 24808 | Orc:2    | Bought a scroll of enchant armour for 127 gold pieces
 24808 | Orc:2    | Bought a scroll of magic mapping for 59 gold pieces
 24808 | Orc:2    | Bought a scroll of recharging for 161 gold pieces
 24808 | Orc:2    | Bought a throwing net for 51 gold pieces
 24808 | Orc:2    | Bought a potion of curing for 51 gold pieces
 24845 | Orc:2    | Bought the +2 hat of the Bear Spirit {Spirit, +Rage rN+ MR++} for 938 gold pieces
 24986 | Orc:1    | Killed Saint Roka
 24986 | Orc:1    | Reached skill level 13 in Evocations
 24986 | Orc:1    | Reached XP level 16. HP: 70/83 MP: 17/26
 25143 | D:11     | Found a burning altar of Makhleb.
 25617 | D:11     | Reached skill level 4 in Shields
 25661 | D:11     | Reached skill level 1 in Throwing
 25868 | D:11     | Found a portal to a secret trove of treasure.
 26045 | D:11     | Reached skill level 9 in Fighting
 26451 | D:12     | Learned a level 2 spell: Repel Missiles
 26476 | D:12     | Reached skill level 16 in Stealth
 26876 | D:12     | Reached skill level 2 in Throwing
 27085 | D:12     | Learned a level 2 spell: Corpse Rot
 27981 | D:13     | Noticed Azrael
 28043 | D:13     | Killed Azrael
 28364 | D:13     | Reached skill level 4 in Translocations
 28392 | D:13     | Noticed Erolcha
 28398 | D:13     | Killed Erolcha
 28471 | D:12     | Found a sacrificial altar of Ru.
 28769 | D:13     | Found a gate to the Vaults.
 29780 | D:15     | Entered Level 15 of the Dungeon
 29963 | D:15     | Found a staircase to the Depths.
 30018 | D:15     | Found an ancient bone altar of Kikubaaqudgha.
 30252 | D:15     | Reached skill level 3 in Throwing
 30706 | D:15     | Reached skill level 5 in Translocations
 31051 | Shoals:1 | Entered Level 1 of the Shoals
 31257 | Shoals:1 | Reached skill level 9 in Dodging
 31431 | Shoals:1 | Reached XP level 17. HP: 62/88 MP: 28/28
 31808 | Shoals:1 | Reached skill level 14 in Evocations
 32281 | Shoals:2 | Reached skill level 4 in Throwing
 32361 | Shoals:2 | Got a transparent scale mail
 32448 | Shoals:2 | Identified the cursed +1 scale mail "Jemyushriguu" {rElec rF- rN+ MR+++} (You found it on level 2 of the Shoals)
 32663 | Shoals:2 | Got a warped plate armour
 32664 | Shoals:2 | Identified the +10 plate armour "Awnam" {rElec rPois rN+ Str-3} (You found it on level 2 of the Shoals)
 33207 | Shoals:2 | Reached skill level 6 in Translocations
 33511 | Shoals:3 | Reached skill level 10 in Fighting
 33742 | Shoals:3 | Reached skill level 17 in Stealth
 33961 | Shoals:3 | Noticed magog001's ghost (journeyman MiBe)
 34134 | Shoals:3 | Killed magog001's ghost
 34358 | Shoals:4 | Entered Level 4 of the Shoals
 34667 | Shoals:3 | Reached skill level 5 in Throwing
 35022 | Shoals:4 | HP: 2/90 [merfolk aquamancer/rapier of venom (3)]
 35022 | Shoals:4 | Mangled by a merfolk impaler

Skill      XL: |  1  2  3  4  5  6  7  8  9 10 11 12 13 14 15 16 17 |
---------------+----------------------------------------------------+-----
Short Blades   | 2 3 4 5 6 8 9 11 12 13 14 | 14.0
Stealth        | 1 2 3 4 5 7 9 10 12 14 15 16 17 | 17.3
Evocations     | 1 3 5 6 7 8 10 11 13 14 | 14.7
Fighting       | 3 5 6 7 8 9 10 | 10.3
Dodging        | 3 4 6 7 8 9 |  9.7
Shields        | 3 4 |  4.0
Throwing       | 3 5 |  5.1
Translocations | 5 6 |  6.7
Armour         | |  0.7
Spellcasting   | |  2.1

Action                   |  1- 3 |  4- 6 |  7- 9 | 10-12 | 13-15 | 16-18 || total
-------------------------+-------+-------+-------+-------+-------+-------++-------
Melee: Short sword       |    26 |       |       |       |       |       ||    26
       Dagger            |   142 |   332 |   533 |  1421 |   786 |       ||  3214
       Bite              |    40 |    88 |   182 |   554 |   880 |   449 ||  2193
       Unarmed           |       |       |       |    38 |   153 |   102 ||   293
       Rapier            |       |       |       |       |  1316 |  1127 ||  2443
Throw: Tomahawk          |       |       |     2 |       |     2 |     2 ||     6
 Cast: Blink             |       |       |       |       |     2 |     1 ||     3
       Repel Missiles    |       |       |       |       |       |     2 ||     2
       Apportation       |       |       |       |       |       |     1 ||     1
Invok: Quick Charge      |       |       |     1 |    26 |    50 |    13 ||    90
       Device Surge      |       |       |       |     1 |     3 |       ||     4
Evoke: Wand              |       |       |    18 |    70 |   226 |    74 ||   388
       Rod               |       |       |       |     3 |    17 |    10 ||    30
       Box of beasts     |       |       |       |       |     4 |       ||     4
       Phial of floods   |       |       |       |       |     2 |       ||     2
       Lamp of fire      |       |       |       |       |       |     1 ||     1
  Use: Scroll            |       |       |    12 |     4 |    15 |    20 ||    51
       Potion            |       |       |     1 |       |     1 |     3 ||     5
 Stab: Sleeping          |     3 |    13 |    18 |    53 |    39 |    63 ||   189
       Distracted        |     1 |     1 |     2 |     6 |    10 |     9 ||    29
       Confused          |       |       |     3 |     5 |       |       ||     8
       Paralysed         |       |       |       |    58 |   199 |   118 ||   375
  Eat: Chunk             |       |     6 |    11 |    24 |    38 |    19 ||    98
       Beef jerky        |       |       |       |     1 |     1 |       ||     2
       Fruit             |       |       |       |     1 |     4 |     4 ||     9
       Bread ration      |       |       |       |       |     1 |     2 ||     3
       Pizza             |       |       |       |       |       |     3 ||     3
Armor: Leather armour    |    38 |    48 |    88 |   169 |   235 |    82 ||   660
Dodge: Dodged            |    66 |   119 |   131 |   319 |   737 |   346 ||  1718
       Deflected         |       |       |       |       |       |     4 ||     4
Block: Other             |       |       |    32 |   100 |   136 |       ||   268
       Reflection        |       |       |       |     1 |     8 |    40 ||    49
       Buckler           |       |       |       |       |   239 |   366 ||   605
